 Dungeon Crawl Stone Soup version 0.28.0 (webtiles) character file.

Game seed: 10337474157767316561

924 enile the Digger (level 8, -4/49 HPs)
             Began as a Gargoyle Earth Elementalist on Feb 16, 2022.
             Was an Initiate of Vehumet.
             Slain by a troll zombie (11 damage)
             ... animated by the malice of Kikubaaqudgha
             ... on level 4 of the Dungeon.
             The game lasted 00:08:37 (5977 turns).

enile the Digger (Gargoyle Earth Elementalist)      Turns: 5977, Time: 00:08:37

Health: -4/49      AC:  7    Str: 12    XL:     8   Next: 10%
Magic:  12/12      EV: 11    Int: 18    God:    Vehumet [......]
Gold:   159        SH:  0    Dex: 10    Spells: 9/13 levels left

rFire   . . .      SeeInvis .   j - +2 short sword (venom)
rCold   . . .      Faith    .   (no shield)
rNeg    + . .      Spirit   .   b - +0 robe
rPois   ∞          Reflect  .   (no helmet)
rElec   +          Harm     .   (no cloak)
rCorr   .          Rampage  .   (no gloves)
Will    .....                   (no boots)
Stlth   ++........              (no amulet)
HPRegen 0.16/turn               (no ring)
MPRegen 0.13/turn               (no ring)

@: no status effects
A: sickness immunity, AC +5, negative energy resistance 1, electricity
resistance, torment resistance 1, petrification resistance
a: Renounce Religion


You were on level 4 of the Dungeon.
You worshipped Vehumet.
Vehumet was noncommittal.
You visited 2 branches of the dungeon, and saw 6 of its levels.

You collected 159 gold pieces.

Inventory:

Hand Weapons
 j - a +2 short sword of venom (weapon)
 m - a +0 war axe
Missiles
 c - 103 stones (quivered)
 h - 9 poisoned darts
Armour
 b - a +0 robe (worn)
Wands
 o - a wand of paralysis (3)
Scrolls
 a - 2 scrolls of amnesia
 f - a scroll of teleportation
 g - 2 scrolls of enchant weapon
 i - a scroll of holy word
 k - a scroll of noise {unknown}
 l - a scroll of magic mapping {unknown}
Potions
 e - a potion of brilliance {unknown}
 n - 2 potions of lignification {unknown}
 p - a potion of heal wounds {unknown}
 q - 2 potions of degeneration {unknown}


   Skills:
 + Level 5.3 Fighting
 - Level 1.5 Dodging
 - Level 2.1 Stealth
 - Level 3.0 Spellcasting
 - Level 5.0 Conjurations
 - Level 1.1 Transmutations
 - Level 7.0 Earth Magic


You had 9 spell levels left.
You knew the following spells:

 Your Spells              Type           Power      Damage    Failure   Level
a - Sandblast             Erth           54%        2d13      1%          1
b - Stone Arrow           Conj/Erth      48%        3d10      4%          3

Your spell library contained the following spells:

 Spells                   Type           Power      Damage    Failure   Level
 Passwall                 Tmut/Erth      14%        N/A       4%          2
 Animate Skeleton         Necr           4%         N/A       16%         1
 Conjure Flame            Conj/Fire      11%        6-21      17%         3
 Corpse Rot               Necr/Air       4%         N/A       24%         2
 Petrify                  Tmut/Erth      17%        N/A       30%         4
 Ignite Poison            Fire/Tmut/Pois 4%         N/A       38%         3
 Vampiric Draining        Necr           2%         2d6       43%         3
 Sticky Flame             Conj/Fire      11%        2d3       50%         4
 Agony                    Necr           2%         N/A       99%         5


Dungeon Overview and Level Annotations

Branches:
Dungeon (5/15)             Temple (1/1) D:5

Altars:
Ashenzari
Cheibriados
Dithmenos
Elyvilon
Fedhas
Gozag
Hepliaklqana
Kikubaaqudgha
Makhleb
Nemelex Xobeh
Okawaru
Ru
Sif Muna
Trog
Uskayaw
Vehumet
Wu Jian
Xom
Yredelemnul
Zin
The Shining One
Beogh

Shops:
D:1 [

Annotations:
D:4 Pikel


Innate Abilities, Weirdness & Mutations

You are immune to sickness and miasma.
Your stone body is resilient. (AC +5)
You are immune to poison.
You resist negative energy. (rN+)
You are resistant to electric shocks. (rElec)
You are resistant to unholy torment.
You are immune to petrification.


Message History

The centaur zombie is moderately damaged.
The centaur zombie hits you but does no damage.
The centaur zombie barely misses you. The troll zombie bites you!
The troll zombie closely misses you. The troll zombie claws you!
You hit the centaur zombie.
The centaur zombie is moderately damaged.
The centaur zombie hits you but does no damage.
The centaur zombie kicks you. The troll zombie bites you!
The troll zombie claws you but does no damage. x2
The centaur zombie closely misses you.
The centaur zombie kicks you but does no damage.
You puncture the centaur zombie!
The centaur zombie is heavily damaged.
The centaur zombie hits you but does no damage.
The centaur zombie kicks you but does no damage.
The troll zombie misses you.
The troll zombie claws you but does no damage. x2
You hit the centaur zombie.
The centaur zombie is severely damaged.
The centaur zombie hits you.
The centaur zombie kicks you but does no damage.
The troll zombie bites you but does no damage.
The troll zombie claws you but does no damage.
The troll zombie completely misses you. The centaur zombie barely misses you.
The centaur zombie closely misses you.
You puncture the centaur zombie!
The centaur zombie is almost destroyed.
The centaur zombie hits you but does no damage.
The centaur zombie kicks you. The troll zombie completely misses you.
The troll zombie claws you!
* * * LOW HITPOINT WARNING * * *
The troll zombie claws you but does no damage.
You hit the centaur zombie.
You destroy the centaur zombie!
That felt strangely unrewarding.
There is an open door here.
You hit the troll zombie.
The troll zombie is lightly damaged.
The troll zombie bites you!
You die...

.# ##..................)..>..#..
.# #.(........###..#.#.#.....#.#
.# #.########.# ##...........#.#
.####........#.# #.#.#.#.....#.#
.'.#########.#.# #...........#.#
.#####.....#.#.# ####..........#
.'.........#.#.#### ##.........#
.####......#.###..#####.........#
.####+.....#....@Z'..............
#..........#####..#####.......#.#
#.......#.........# #.......#.#
#.#.....##........# #.......#.#
#.#.....##........# #.......#..
#.#.....##........#####.......#.#
#.#.....##...........##.......#..
#.#.#.................#.......#..
#...#...........##..#.#.#.....#.#


You could see a troll zombie.

Vanquished Creatures
  Duvessa (D:4)
  An ogre (D:5)
  A necrophage (D:4)
  3 lemures (D:5)
  A centaur (D:5)
  A phantom (D:4)
  A scorpion (D:4)
  Dowan (D:4)
  A howler monkey (D:4)
  A centaur zombie (D:4)
  A hound (D:5)
  A jelly (D:5)
  Ijyb (D:3)
  An orc wizard (D:5)
  A hound zombie (D:5)
  A hound skeleton (D:4)
  A howler monkey skeleton (D:4)
  5 adders
  8 gnolls
  A white imp (D:5)
  4 worms
  A dart slug (D:1)
  7 orcs
  8 bats
  9 endoplasms
  2 giant cockroaches
  2 goblins (D:1)
  4 hobgoblins
  A quokka (D:3)
  7 ball pythons
  2 frilled lizards (D:2)
  A jackal zombie (D:4)
  9 kobolds
  3 rats
93 creatures vanquished.

Notes
Turn   | Place    | Note
-------+----------+-------------------------------------------
     0 | D:1      | enile the Gargoyle Earth Elementalist began the quest for
                  | the Orb.
     0 | D:1      | Reached XP level 1. HP: 10/10 MP: 3/3
   194 | D:1      | Found Qimumec's Armour Emporium.
   209 | D:1      | Reached skill level 1 in Fighting
   310 | D:1      | Reached XP level 2. HP: 8/17 MP: 0/5
  1105 | D:2      | Reached XP level 3. HP: 22/22 MP: 4/6
  1255 | D:2      | Reached skill level 4 in Earth Magic
  1413 | D:2      | Found a blossoming altar of Fedhas.
  1597 | D:2      | Reached XP level 4. HP: 26/28 MP: 3/7
  1764 | D:2      | Found a faded altar of an unknown god.
  1795 | D:2      | Prayed at the altar of an unknown god.
  1795 | D:2      | Became a worshipper of Kikubaaqudgha
  1795 | D:2      | Reached * piety under Kikubaaqudgha
  1795 | D:2      | Received a gift from Kikubaaqudgha
  2153 | D:3      | Learned a level 3 spell: Stone Arrow
  2165 | D:3      | Reached skill level 5 in Earth Magic
  2165 | D:3      | Reached skill level 1 in Transmutations
  2368 | D:3      | Reached skill level 1 in Conjurations
  2370 | D:3      | Reached XP level 5. HP: 29/32 MP: 2/8
  2741 | D:3      | Reached ** piety under Kikubaaqudgha
  2767 | D:3      | Noticed Ijyb
  2771 | D:3      | Paralysed by Ijyb for 2 turns
  2783 | D:3      | Killed Ijyb
  2901 | D:4      | Reached XP level 6. HP: 38/38 MP: 2/9
  3040 | D:4      | Noticed a necrophage
  3046 | D:4      | Killed a necrophage
  3239 | D:4      | Reached skill level 5 in Conjurations
  3342 | D:4      | Reached XP level 7. HP: 43/43 MP: 7/10
  3391 | D:4      | Noticed Duvessa
  3391 | D:4      | Noticed Dowan
  3413 | D:4      | Killed Duvessa
  3414 | D:4      | Reached skill level 6 in Earth Magic
  3417 | D:4      | Killed Dowan
  4200 | D:5      | Entered Level 5 of the Dungeon
  4574 | D:5      | Reached skill level 7 in Earth Magic
  4777 | D:5      | Found a staircase to the Ecumenical Temple.
  4789 | Temple   | Entered the Ecumenical Temple
  5047 | Temple   | Fell from the grace of Kikubaaqudgha
  5047 | Temple   | Became a worshipper of Vehumet
  5089 | D:5      | Reached skill level 5 in Fighting
  5089 | D:5      | Reached XP level 8. HP: 22/49 MP: 3/12
  5586 | D:5      | Noticed Pikel
  5977 | D:4      | Slain by a troll zombie

Illustrated notes

Levels and vault maps discovered:
D:1:      minmay_arrival_four_houses, layout_loops_ring, serial_shops, shop
D:2:      layout_basic, basic_altar, hellmonk_ecumenical_altar_defaced_shrine
D:3:      layout_rooms, uniq_ijyb
D:4:      layout_basic, serial_co_window_serial, co_window_paths_b,
          co_window_paths_b, co_window_paths_a, co_window_of_opportunity_a,
          co_window_paths_a, co_window_corner_cb, co_window_corner_b,
          co_window_broadway_c, glass_columns_b, uniq_duvessa
D:5:      layout_cave_pools, minmay_temple_entry_grid, grunt_decor_mini_mirrors,
          uniq_pikel
Temple:   minmay_crystal_snake_temple

Skill      XL: |  1  2  3  4  5  6  7 |
---------------+----------------------+-----
Fighting       | 1 2 3 4 5 |  5.3
Earth Magic    | 4 5 7 |  7.0
Transmutations | 1 |  1.1
Conjurations   | 1 3 5 |  5.0
Spellcasting   | 3 |  3.0
Dodging        | |  1.5
Stealth        | |  2.1

Action                   |  1- 3 |  4- 6 |  7- 9 || total
-------------------------+-------+-------+-------++-------
Melee: Unarmed           |    21 |       |       ||    21
       Short sword       |       |    25 |    52 ||    77
Throw: Throwing net      |       |     1 |       ||     1
 Cast: Sandblast         |    51 |    53 |     9 ||   113
       Stone Arrow       |       |     8 |    31 ||    39
  Use: Scroll            |       |       |     5 ||     5
Armor: Robe              |     9 |    13 |    41 ||    63
Dodge: Dodged            |    20 |    17 |    48 ||    85
